 Dungeon Crawl Stone Soup version 0.30.1-9-gdf580d7c3d (webtiles) character file.

Game seed: 5002382772376590037

62 lonewolfV2 the Covered (level 3, -4/29 HPs)
             Began as a Demonspawn Fighter on Oct 23, 2023.
             Slain by Terence
             ... wielding a +1 hand axe of electrocution
              (6 damage)
             ... on level 3 of the Dungeon.
             The game lasted 00:02:59 (1209 turns).

lonewolfV2 the Covered (Demonspawn Fighter)         Turns: 1209, Time: 00:03:00

Health: -4/29      AC: 10    Str: 18    XL:     3   Next: 85%
Magic:  3/3        EV:  7    Int:  9    God:
Gold:   98         SH:  4    Dex: 12    Spells: 2/2 levels left

rFire   . . .        a - +0 war axe
rCold   . . .        c - +0 buckler
rNeg    . . .        k - +1 chain mail
rPois   .            (no helmet)
rElec   .            (no cloak)
rCorr   .            (no gloves)
SInv    .            (no boots)
Will    .....        (no amulet) Stlth
                     (no ring)
HPRegen 0.24/turn    (no ring)
MPRegen 0.08/turn

%: no passive effects
@: mighty
A: powered by pain 1
a: no special abilities


You were on level 3 of the Dungeon.
You visited 1 branch of the dungeon, and saw 4 of its levels.

You collected 98 gold pieces.

Inventory:

Hand Weapons
 a - a +0 war axe (weapon)
Missiles
 l - a throwing net (quivered)
Armour
 c - a +0 buckler (worn)
 k - a +1 chain mail (worn)
Potions
 b - a potion of lignification {unknown}
 e - a potion of berserk rage {unknown}
 g - 3 potions of brilliance {unknown}
 h - 2 potions of mutation {unknown}


   Skills:
 - Level 3.1 Fighting
 - Level 2.0 Axes
 + Level 3.5 Armour
 + Level 3.5 Shields


You had 2 spell levels left.
You didn't know any spells.
Your spell library contained the following spells:

 Spells                   Type           Power      Damage    Failure   Level
 Blink                    Tloc           0%         N/A       100%        2
 Lesser Beckoning         Tloc           0%         N/A       100%        2
 Momentum Strike          Conj/Tloc      0%         3d8       100%        2
 Ozocubu's Armour         Ice            0%         N/A       100%        3
 Ozocubu's Refrigeration  Ice            0%         4d7       100%        7


Dungeon Overview and Level Annotations

Branches:
Dungeon (4/15)
 Temple: D:4-7

Altars:
Ru
Xom

Annotations:
D:3 Ijyb, Sigmund, Terence


Innate Abilities, Weirdness & Mutations

You sometimes gain a little power by taking damage.


Message History

The kobold attacks as you move away! The kobold hits you but does no damage.
You block the kobold's attack.
Sigmund hits you from afar with a +0 scythe!
* * * LOW HITPOINT WARNING * * *
Ijyb hits you but does no damage.
There is a stone staircase leading down, spattered with blood here.
You block the kobold's attack. The kobold barely misses you.
Ijyb screams, "Get away!"
Ijyb hits you but does no damage.
You writhe in agony.
* * * LOW HITPOINT WARNING * * *
You climb downwards.
The gnoll shouts! x3
Found 3 stones.
Found a stone staircase leading down.
There is a stone staircase leading up here.
You barely miss the kobold. x2; You barely miss Ijyb.
You block Ijyb's attack.
The kobold hits you but does no damage. x2
You completely miss the kobold. You hit Ijyb. You barely miss the kobold.
Ijyb screams, "I no like you!" Ijyb hits you but does no damage.
The kobold closely misses you. The kobold barely misses you.
A gnoll comes into view. It is wielding a +0 flail.
Ijyb hits you but does no damage.
You writhe in agony.
* * * LOW HITPOINT WARNING * * *
The kobold barely misses you. The kobold hits you but does no damage.
You barely miss the kobold.
The gnoll shouts!
You hit Ijyb. You slash the kobold!
You kill the kobold!
You block the kobold's attack. Ijyb hits you with a +1 dagger of pain.
* * * LOW HITPOINT WARNING * * *
The gnoll hits you but does no damage.
Unknown command.
The kobold hits you but does no damage. You block Ijyb's attack.
The gnoll completely misses you.
The gnoll hits you from afar with a +0 spear.
* * * LOW HITPOINT WARNING * * *
You climb upwards.
Level annotation: Sigmund, Terence Terence hits you with a +1 hand axe of electrocution.
You die...

#.. .....####.# ###.## #..
...##.#
......###.###.....##
.^........#.....$..##
..........@.........##
........#.>........#.##
..?.........†......#..##
.............@.K.....#.##
..............@g........###
#####.........g............
#..#.#.........#........
#..##.#.......(.......###
...##......)...........#
..## ...#...............# .
...#.........########
.##.........#PP.PP#
............#P...^#


You could see Sigmund, Ijyb, Terence, a gnoll and a kobold.

Vanquished Creatures
  An adder (D:2)
  A worm (D:2)
  5 dart slugs
  A ball python (D:2)
  4 endoplasms
  7 goblins
  3 hobgoblins
  A quokka (D:2)
  3 bats
  3 frilled lizards
  6 kobolds
  3 rats
38 creatures vanquished.

Vanquished Creatures (others)
  A kobold (D:3)
1 creature vanquished.

Grand Total: 39 creatures vanquished

Notes
Turn   | Place    | Note
-------+----------+-------------------------------------------
     0 | D:1      | lonewolfV2 the Demonspawn Fighter began the quest for the
                  | Orb.
     0 | D:1      | Reached XP level 1. HP: 18/18 MP: 1/1
    95 | D:1      | Gained mutation: You sometimes gain a little power by
                  | taking damage. [demonic ancestry]
    95 | D:1      | Reached XP level 2. HP: 21/24 MP: 2/2
   528 | D:2      | Reached XP level 3. HP: 29/29 MP: 3/3
   612 | D:2      | Found a shimmering altar of Xom.
  1134 | D:3      | Found a sacrificial altar of Ru.
  1179 | D:3      | Noticed Sigmund
  1180 | D:3      | Noticed Ijyb
  1193 | D:3      | Noticed Terence
  1209 | D:3      | Slain by Terence

Illustrated notes

Levels and vault maps discovered:
D:1:      mrwooster_arrival_arrow, layout_rooms
D:2:      layout_basic, basic_altar
D:3:      kennysheep_big_flooded_room, layout_rooms,
          nicolae_ru_the_path_less_chosen, fiery_altar_vehumet,
          shapermc_ecumenical_altar_notcrosses, uniq_sigmund, uniq_ijyb,
          uniq_terence
D:4:      layout_loops_corners, minmay_temple_entry_mist,
          gammafunk_ghost_cemetery

Skill      XL: |  1  2 |
---------------+-------+-----
Axes           | 2 |  2.0
Armour         | 3 |  3.5
Shields        | 3 |  3.5
Fighting       | |  3.1

Action                     || total
---------------------------++-------
  Melee: War axe           ||    94
    Use: Scroll            ||     4
         Potion            ||     3
 Armour: Scale mail        ||    32
         Chain mail        ||    49
  Dodge: Dodged            ||    56
  Block: Buckler           ||    30
